 Dungeon Crawl Stone Soup version 0.18-a0-1291-g395b48e (webtiles) character file.

9056 Reinor the Basher (level 11, -8/117 HPs)
             Began as an Ogre Gladiator on Feb 9, 2016.
             Was a High Priest of Okawaru.
             Hit by a large rock thrown by a cyclops (32 damage)
             ... on level 10 of the Dungeon.
             The game lasted 00:38:04 (12714 turns).

Reinor the Basher (Ogre Gladiator)                 Turns: 12714, Time: 00:38:05

Health: -8/117     AC:  5    Str: 25    XL:     11   Next: 40%
Magic:  12/12      EV: 16    Int:  7    God:    Okawaru [*****.]
Gold:   502        SH:  0    Dex: 10    Spells: 0 memorised, 10 levels left

rFire  + . .     SeeInvis .     a - +0 dire flail
rCold  x . .     Gourm    .     T - troll hide
rNeg   . . .     Faith    .     (shield currently unavailable)
rPois  .         Spirit   .     c - +0 hat
rElec  .         Dismiss  +     t - +1 cloak
rCorr  .         Reflect  .     (gloves unavailable)
SustAt .         Harm     .     (boots unavailable)
MR     +....                    n - amulet of dismissal
Stlth  +.........               L - +3 ring of evasion
                                b - ring of fire

@: somewhat resistant to hostile enchantments, very unstealthy
A: unfitting armour, tough skin 1
a: Heroism, Finesse, Renounce Religion


You were on level 10 of the Dungeon.
You worshipped Okawaru.
Okawaru was extremely pleased with you.
You were hungry.

You visited 2 branches of the dungeon, and saw 11 of its levels.
You also visited: Ossuary.

You collected 527 gold pieces.
You spent 25 gold pieces at shops.

Inventory:

Hand Weapons
 a - a +0 dire flail (weapon)
 q - a +0 whip of freezing
 P - a cursed -1 giant club
 S - a +0 giant spiked club
Missiles
 m - 6 javelins of penetration
 J - 4 large rocks (quivered)
 N - 6 poisoned javelins
 O - 2 throwing nets
Armour
 c - a +0 hat (worn)
 t - a +1 cloak (worn)
 T - a troll hide (worn)
Jewellery
 b - a ring of fire (left hand)
 g - a +4 ring of dexterity
 n - an amulet of dismissal (around neck)
 F - an uncursed amulet of rage
 K - an uncursed ring of ice
 L - a +3 ring of evasion (right hand)
Wands
 u - a wand of iceblast (0/15)
 E - a wand of digging (23/24)
 H - a wand of confusion (6/48)
 U - a wand of confusion (36/48)
Scrolls
 o - 3 scrolls of recharging
 p - a scroll of fear
 s - 7 scrolls of remove curse
 v - 2 scrolls of magic mapping
 x - a scroll of teleportation {unknown}
 y - a scroll of fog {unknown}
 A - 4 scrolls of amnesia
 C - 2 scrolls of noise {unknown}
 R - 3 scrolls of enchant weapon {unknown}
Potions
 d - a potion of cancellation {unknown}
 e - 4 potions of brilliance
 i - a potion of haste
 l - 2 potions of magic
 r - a potion of agility
 w - 2 potions of curing
 z - a potion of resistance
 D - 2 potions of mutation {unknown}
 M - 2 potions of might
Comestibles
 f - 3 bread rations
 j - 4 beef jerkies
 k - 5 meat rations
 G - 3 fruits
 I - 10 royal jellies


   Skills:
 - Level 10.0 Fighting
 + Level 13.3 Maces & Flails
 - Level 6.2 Throwing
 - Level 10.0 Dodging
 - Level 2.1 Invocations


You had 10 spell levels left.
You didn't know any spells.

Dungeon Overview and Level Annotations

Branches:
Dungeon (10/15)            Temple (1/1) D:5            Lair (0/8) D:9
    Orc (0/2) D:10

Altars:
Ashenzari
Cheibriados
Dithmenos
Elyvilon
Fedhas
Gozag
Kikubaaqudgha
Makhleb
Nemelex Xobeh
Okawaru
Pakellas
Qazlal
Ru
Sif Muna
Trog
Vehumet
Xom
Yredelemnul
Zin
The Shining One
Jiyva

Shops:
D:5 :   D:6 *


Innate Abilities, Weirdness & Mutations

You are too large for most types of armour.
You have tough skin (AC +1).


Message History

The shadow imp closely misses you. The shadow imp hits you.
* * * LOW HITPOINT WARNING * * *
The shadow imp gestures at you. Pain shoots through your body!
* * * LOW HITPOINT WARNING * * *
The shadow imp puffs mist at you. The shadow imp hits you.
* * * LOW HITPOINT WARNING * * *
You're too confused!
Unknown command.
The shadow imp misses you. The yak gores you.
* * * LOW HITPOINT WARNING * * *
The shadow imp misses you.
You feel less invigorated.
You feel less confused. The yak closely misses you.
The cyclops throws a large rock.
The large rock hits you!!
You die...

..............(.....#############
.......!.........................
########.........................
#.........................
#.........................
########.........)..)..........[.
..(..†...........C>..............
...............Y.5.[...).........
................@(...Y.......####
#########............†.......#
#..##.###.....(......#
#..##.#.#............#
#..#.#.##............#
#..##.#.#.<..........#
#..#.#%##............#
#..##.#.#............#
#..###'##............#


You could see a cyclops, 2 yaks and a shadow imp.

Vanquished Creatures
  The ghost of Herrn the Cleaver, a novice FoFi of Okawaru (D:9)
  A hill giant (D:10)
  The ghost of Reinor the Nimble, a novice SpAM of Gozag (D:8)
  Joseph (D:9)
  A troll (D:10)
  Prince Ribbit (D:6)
  Grinder (D:6)
  2 wyverns
  A yak (D:10)
  3 hippogriffs
  A hungry ghost (D:10)
  2 soldier ants (D:10)
  A water moccasin (D:10)
  A black bear (D:7)
  2 sky beasts
  5 orc warriors
  A wasp (D:10)
  2 ice beasts
  2 necrophages
  7 centaurs
  7 ogres
  3 crocodiles (D:9)
  6 giant frogs
  A gnoll sergeant (D:6)
  A wyvern zombie (D:7)
  2 scorpions
  7 killer bees
  2 crimson imps
  5 hounds
  6 orc priests
  3 centaur zombies (Ossuary)
  A gnoll shaman (D:6)
  12 jellies
  3 giant frog skeletons
  Crazy Yiuf (D:5)
  2 iguanas
  8 orc wizards
  7 worker ants
  A big kobold zombie (Ossuary)
  A hound zombie (D:8)
  A hound skeleton (D:7)
  5 mummies (Ossuary)
  A worker ant zombie (D:5)
  9 gnolls (D:6)
  16 adders
  2 shadow imps
  5 worms
  5 giant geckos
  27 orcs
  A ball python (D:1)
  21 bats
  5 giant cockroaches
  8 goblins
  10 hobgoblins
  6 jackals (D:1)
  9 kobolds
  4 quokkas
  A giant cockroach zombie (D:5)
  A giant gecko skeleton (D:5)
  5 giant newts
  A gnoll zombie (Ossuary)
  2 kobold zombies (Ossuary)
  An orc zombie (Ossuary)
  A quokka skeleton (D:6)
  A quokka zombie (D:6)
  11 rats
  A fungus (D:5)
276 creatures vanquished.

Vanquished Creatures (others)
  2 fungi (D:5)
  A toadstool (D:9)
3 creatures vanquished.

Grand Total: 279 creatures vanquished

Notes
Turn   | Place    | Note
--------------------------------------------------------------
     0 | D:1      | Reinor the Ogre Gladiator began the quest for the Orb.
     0 | D:1      | Reached XP level 1. HP: 22/22 MP: 1/1
    67 | D:1      | Reached XP level 2. HP: 22/29 MP: 2/2
   157 | D:1      | Reached skill level 5 in Maces & Flails
   301 | D:1      | Reached XP level 3. HP: 16/36 MP: 3/3
   859 | D:2      | Reached skill level 6 in Maces & Flails
   928 | D:2      | Reached XP level 4. HP: 36/44 MP: 4/4
  1471 | D:2      | Found a sacrificial altar of Ru.
  1474 | D:2      | Found a radiant altar of Vehumet.
  1764 | D:3      | Reached skill level 7 in Maces & Flails
  1764 | D:3      | Reached XP level 5. HP: 19/50 MP: 5/5
  2233 | D:3      | Reached skill level 8 in Maces & Flails
  2726 | D:3      | Reached XP level 6. HP: 40/62 MP: 6/6
  2920 | D:2      | Found a sparkling altar of Nemelex Xobeh.
  2955 | D:2      | Found a deep blue altar of Sif Muna.
  2955 | D:2      | Found an oddly glowing altar of Pakellas.
  3208 | D:4      | Reached skill level 5 in Fighting
  3255 | D:4      | Found a sand-covered staircase.
  3259 | Ossuary  | Entered an ossuary
  3408 | Ossuary  | Reached XP level 7. HP: 34/75 MP: 7/7
  4417 | D:4      | Found a blossoming altar of Fedhas.
  4474 | D:5      | Entered Level 5 of the Dungeon
  4607 | D:5      | Reached skill level 5 in Dodging
  4855 | D:5      | Reached XP level 8. HP: 61/83 MP: 8/8
  4872 | D:5      | Found Arabovov's Book Shoppe.
  5345 | D:5      | Found a staircase to the Ecumenical Temple.
  5390 | D:5      | Noticed Crazy Yiuf
  5402 | D:5      | Killed Crazy Yiuf
  5402 | D:5      | Reached skill level 9 in Maces & Flails
  5440 | Temple   | Entered the Ecumenical Temple
  5501 | Temple   | Became a worshipper of Warmaster Okawaru
  6017 | D:5      | Reached skill level 10 in Maces & Flails
  6216 | D:6      | Noticed Prince Ribbit
  6247 | D:6      | Killed Prince Ribbit
  6247 | D:6      | Reached * piety under Okawaru
  6247 | D:6      | Reached skill level 11 in Maces & Flails
  6247 | D:6      | Reached XP level 9. HP: 45/89 MP: 9/9
  6851 | D:6      | Reached skill level 12 in Maces & Flails
  6859 | D:6      | Found a glowing silver altar of Zin.
  6889 | D:6      | Found Kimang's Assorted Antiques.
  6894 | D:6      | Bought a scroll labeled WALIHO PURCHAOC for 25 gold pieces
  6900 | D:6      | Noticed Grinder
  6916 | D:6      | Killed Grinder
  7219 | D:6      | Found an ancient bone altar of Kikubaaqudgha.
  7219 | D:6      | Found a blossoming altar of Fedhas.
  7252 | D:6      | Found a glowing silver altar of Zin.
  7252 | D:6      | Found a shimmering altar of Xom.
  7252 | D:6      | Noticed an angel
  7281 | D:6      | Reached ** piety under Okawaru
  7700 | D:7      | Reached skill level 5 in Throwing
  8273 | D:7      | Reached XP level 10. HP: 34/102 MP: 11/11
  9546 | D:8      | Noticed Reinor's ghost (novice SpAM)
  9641 | D:8      | Killed Reinor's ghost
  9641 | D:8      | Reached *** piety under Okawaru
  9641 | D:8      | Reached skill level 10 in Fighting
 10641 | D:9      | Noticed Herrn's ghost (novice FoFi)
 10697 | D:9      | Killed Herrn's ghost
 10697 | D:9      | Received a gift from Okawaru
 10981 | D:9      | Noticed Joseph
 11003 | D:9      | Killed Joseph
 11003 | D:9      | Reached **** piety under Okawaru
 11087 | D:9      | Reached XP level 11. HP: 60/117 MP: 12/12
 11315 | D:9      | Found a staircase to the Lair.
 11525 | D:9      | Received a gift from Okawaru
 11896 | D:9      | Found a viscous altar of Jiyva.
 11953 | D:10     | Entered Level 10 of the Dungeon
 12023 | D:10     | Found a staircase to the Orcish Mines.
 12030 | D:10     | Reached skill level 10 in Dodging
 12234 | D:10     | Noticed a hill giant
 12266 | D:10     | Killed a hill giant
 12320 | D:10     | Reached skill level 13 in Maces & Flails
 12686 | D:10     | Noticed a cyclops
 12686 | D:10     | Reached ***** piety under Okawaru
 12714 | D:10     | Hit by a large rock thrown by a cyclops

Vault maps used:
D:1:      lightli_arrival_lavapool
D:2:      lemuel_upstairs_altar, nicolae_overflow_hidden_temple,
          kennysheep_generic_room_13
D:3:      first_bread
D:4:      nicolae_ossuary_entry_plus, fedhas_altar_4
D:5:      serial_shops, shop, minivault_25, uniq_crazy_yiuf_cottage
D:6:      grunt_temple_overflow_order_and_chaos_1,
          grunt_temple_overflow_growth_and_decay, serial_shops, shop,
          basic_altar, serial_glass, glass_columns_c, glass_columns_b,
          uniq_prince_ribbit1, uniq_grinder
D:9:      grunt_lair_entry_orc_guard_hut, lasty_cornered_adventurer, uniq_joseph
D:10:     orc_0_dummy, hangedman_pestilent_swarm
Temple:   eino_temple_water_12
Ossuary:  ossuary_crypta

Action                   |  1- 3 |  4- 6 |  7- 9 | 10-12 || total
-------------------------+-------+-------+-------+-------++-------
Melee: Flail             |   112 |   111 |    60 |   366 ||   649
       Whip              |       |   121 |   339 |       ||   460
       Dire flail        |       |       |       |    57 ||    57
       Morningstar       |       |       |       |    27 ||    27
Throw: Throwing net      |       |     1 |     3 |     3 ||     7
       Large rock        |       |       |    36 |    57 ||    93
       Javelin           |       |       |       |     3 ||     3
Invok: Heroism           |       |       |       |     3 ||     3
Evoke: Wand              |       |       |     4 |     1 ||     5
  Use: Scroll            |     2 |     2 |    11 |     3 ||    18
       Potion            |       |     1 |     2 |    13 ||    16
 Stab: Sleeping          |     1 |     1 |     1 |       ||     3
       Held in net/web   |       |     1 |       |       ||     1
  Eat: Chunk             |       |     8 |    15 |    14 ||    37
       Beef jerky        |       |       |       |     1 ||     1
